 Dungeon Sprint DCSS version 0.30-a0-56-ge6a4009bfd (webtiles) character file.

Game seed: 3219052610257139170

212 rocky1 the Vexing (level 5, -6/43 HPs)
             Began as a Gnoll Arcane Marksman on Sept 11, 2022.
             Was an Initiate of Gozag.
             Mangled by a fire bat (9 damage)
             ... in the Dungeon (Sprint VII: "The Pits").
             The game lasted 00:01:47 (188 turns).

rocky1 the Vexing (Gnoll Arcane Marksman)            Turns: 188, Time: 00:01:49

Health: -6/43      AC:  2    Str:  9    XL:     5   Next: 89%
Magic:  12/12      EV: 14    Int: 13    God:    Gozag
Gold:   207        SH:  0    Dex: 14    Spells: 3/14 levels left

rFire   . . .      SeeInvis .    b - +2 falchion
rCold   . . .      Faith    .    (no shield)
rNeg    . . .      Spirit   .    c - +0 robe
rPois   .          Reflect  .    (no helmet)
rElec   .          Harm     .    (no cloak)
rCorr   .          Rampage  .    (no gloves)
Will    .....      NoTele   +    (no boots)
Stlth   +++.......               (no amulet)
HPRegen 0.14/turn                (no ring)
MPRegen 0.13/turn                (no ring)

@: no status effects
A: fangs 1, strong nose, distributed training
a: Renounce Religion, Potion Petition, Call Merchant, Bribe Branch


You were in the Dungeon.
You worshipped Gozag.
Gozag was aware of your devotion.
You visited 1 branch You collected 207 gold pieces.

Inventory:

Hand Weapons
 a - a +1 sling
 b - a +2 falchion (weapon)
Armour
 c - a +0 robe (worn)
Scrolls
 i - a scroll of blinking
 k - 5 scrolls of amnesia
 l - a scroll of summoning
 m - a scroll of poison
Potions
 d - a potion of curing
 f - a potion of haste
 g - 4 potions of magic
 h - 3 potions of berserk rage
 j - 2 potions of invisibility


   Skills:
 + Level 4.9 Fighting
 + Level 4.1 Short Blades
 + Level 4.1 Long Blades
 + Level 4.1 Axes
 + Level 4.1 Maces & Flails
 + Level 4.1 Polearms
 + Level 4.1 Staves
 + Level 6.2 Ranged Weapons
 + Level 4.1 Throwing
 + Level 4.1 Armour
 + Level 6.2 Dodging
 + Level 4.1 Stealth
 + Level 4.1 Shields
 + Level 4.1 Unarmed Combat
 + Level 5.0 Spellcasting
 + Level 3.4 Conjurations
 + Level 6.5 Hexes
 + Level 3.4 Summonings
 + Level 3.4 Necromancy
 + Level 3.4 Translocations
 + Level 3.4 Transmutations
 + Level 3.4 Fire Magic
 + Level 3.4 Ice Magic
 + Level 3.4 Air Magic
 + Level 3.4 Earth Magic
 + Level 3.4 Poison Magic
 + Level 4.5 Invocations
 + Level 4.1 Evocations


You had 3 spell levels left.
You knew the following spells:

 Your Spells              Type           Power      Damage    Failure   Level
a - Slow                  Hex            80%        N/A       1%          1
b - Inner Flame           Hex/Fire       16%        N/A       8%          3
c - Portal Projectile     Hex/Tloc       32%        N/A       8%          3
d - Cause Fear            Hex            10%        N/A       13%         4

Your spell library contained the following spells:

 Spells                   Type           Power      Damage    Failure   Level


Dungeon Overview and Level Annotations

Branches:
Dungeon (1/1)

Altars:
Ashenzari
Cheibriados
Dithmenos
Elyvilon
Fedhas
Gozag
Hepliaklqana
Kikubaaqudgha
Makhleb
Nemelex Xobeh
Okawaru
Qazlal
Ru
Sif Muna
Trog
Uskayaw
Vehumet
Wu Jian
Xom
Yredelemnul
Zin
The Shining One
Jiyva
Lugonu


Innate Abilities, Weirdness & Mutations

You have very sharp teeth.
Your uncanny sense of smell can sniff out nearby items.
Your experience applies equally to all skills.


Message History

The fire bat completely misses you.
You hit the fire bat.
The fire bat is heavily wounded.
The fire bat bites you but does no damage. x2
The fire bat barely misses you.
You hit the fire bat. Your bite misses the fire bat.
The fire bat is severely wounded.
The fire bat bites you but does no damage.
You closely miss the fire bat.
The fire bat is severely wounded.
The fire bat bites you.
You are engulfed in flames!
You are too injured to fight recklessly!
You are too injured to fight recklessly!
You closely miss the fire bat.
The fire bat is severely wounded.
The fire bat barely misses you. The fire bat bites you.
You are engulfed in flames.
* * * LOW HITPOINT WARNING * * *
You hit the fire bat but do no damage.
The fire bat is severely wounded.
The fire bat misses you. The fire bat closely misses you.
You feel much better. The fire bat barely misses you. x2
The fire bat bites you but does no damage.
The fire bat bites you.
You are engulfed in flames.
The fire bat barely misses you. The fire bat bites you.
You are engulfed in flames!
* * * LOW HITPOINT WARNING * * *
You miss the fire bat. You punch the fire bat.
The fire bat is severely wounded.
The fire bat bites you but does no damage.
You closely miss the fire bat.
The fire bat is severely wounded.
The fire bat misses you.
You closely miss the fire bat.
The fire bat is severely wounded.
The fire bat bites you.
* * * LOW HITPOINT WARNING * * *
You are engulfed in flames!
You die...
Your body crumbles into a pile of gold.

##########.##..........
#...........'..........
#+#####'#####......#..#
#...#.#∆∆ #..........
#...#.#∆∆ ####'#####+
#...).#∆∆ #.......#
##$####∆∆ #.......#
#.....#∆∆ #.......#
#...@b# #...<...#
#........##.......#
#........##.......#
###########.......#
######### ∆∆∆∆


You could see a fire bat.

Vanquished Creatures
  2 floating eyes (D)
  A river rat (D)
  An orc (D)
  2 endoplasms (D)
  A goblin (D)
  A hobgoblin (D)
8 creatures vanquished.

Notes
Turn   | Place    | Note
-------+----------+-------------------------------------------
     0 | D        | rocky1 the Gnoll Arcane Marksman began the quest for the
                  | Orb.
     0 | D        | Reached XP level 1. HP: 17/17 MP: 4/4
    11 | D        | Noticed a floating eye
    15 | D        | Killed a floating eye
    16 | D        | Reached skill level 5 in Ranged Weapons
    16 | D        | Reached skill level 5 in Dodging
    16 | D        | Reached XP level 2. HP: 25/25 MP: 5/7
    16 | D        | Reached XP level 3. HP: 30/30 MP: 5/8
    16 | D        | Reached XP level 4. HP: 37/37 MP: 6/10
    21 | D        | Found a bloodstained altar of Trog.
    21 | D        | Found a shimmering blue altar of Sif Muna.
    21 | D        | Found a viscous altar of Jiyva.
    21 | D        | Found a hazy altar of Hepliaklqana.
    21 | D        | Found an opulent altar of Gozag.
    22 | D        | Found a glowing golden altar of the Shining One.
    22 | D        | Found a glowing silver altar of Zin.
    22 | D        | Found a basalt altar of Yredelemnul.
    22 | D        | Found a shimmering altar of Xom.
    22 | D        | Found an ornate altar of the Wu Jian Council.
    22 | D        | Found a sacrificial altar of Ru.
    22 | D        | Found a stormy altar of Qazlal.
    22 | D        | Found an iron altar of Okawaru.
    22 | D        | Found a sparkling altar of Nemelex Xobeh.
    22 | D        | Found a burning altar of Makhleb.
    22 | D        | Found a blossoming altar of Fedhas.
    22 | D        | Found a white marble altar of Elyvilon.
    22 | D        | Found a shadowy altar of Dithmenos.
    22 | D        | Found a snail-covered altar of Cheibriados.
    26 | D        | Found a corrupted altar of Lugonu.
    26 | D        | Found a radiant altar of Vehumet.
    27 | D        | Found a broken altar of Ashenzari.
    27 | D        | Found an ancient bone altar of Kikubaaqudgha.
    27 | D        | Found a hide-covered altar of Uskayaw.
    29 | D        | Became a worshipper of Gozag Ym Sagoz the Greedy
    57 | D        | Learned a level 3 spell: Inner Flame
    61 | D        | Learned a level 3 spell: Portal Projectile
    66 | D        | Learned a level 4 spell: Cause Fear
   152 | D        | Noticed a floating eye
   154 | D        | Paralysed by a floating eye for 2 turns
   158 | D        | Killed a floating eye
   159 | D        | Reached skill level 5 in Spellcasting
   159 | D        | Reached XP level 5. HP: 43/43 MP: 10/12
   163 | D        | Noticed a fire bat
   188 | D        | Mangled by a fire bat

Illustrated notes

Levels and vault maps discovered:
D:        pitsprint [storerooms_1, entrance_room_1, metal_vault_2, armoury_1,
          mini_pit_1, grid_room_1, main_hall_1, silver_pit, the_coven_3,
          the_vestibule_1, steel_vault_2, golden_pit, hallway_of_sentries,
          crystal_vault_4, iron_vault_5, final_vault]

Skill      XL: |  1  2  3  4 |
---------------+-------------+-----
Fighting       | 4 |  4.9
Short Blades   | 3 4 |  4.1
Long Blades    | 3 4 |  4.1
Axes           | 3 4 |  4.1
Maces & Flails | 3 4 |  4.1
Polearms       | 3 4 |  4.1
Staves         | 3 4 |  4.1
Ranged Weapons | 5 6 |  6.2
Throwing       | 3 4 |  4.1
Armour         | 3 4 |  4.1
Dodging        | 5 6 |  6.2
Stealth        | 3 4 |  4.1
Shields        | 3 4 |  4.1
Unarmed Combat | 3 4 |  4.1
Spellcasting   | 4 5 |  5.0
Conjurations   | 2 3 |  3.4
Hexes          | 6 |  6.5
Summonings     | 2 3 |  3.4
Necromancy     | 2 3 |  3.4
Translocations | 2 3 |  3.4
Transmutations | 2 3 |  3.4
Fire Magic     | 2 3 |  3.4
Ice Magic      | 2 3 |  3.4
Air Magic      | 2 3 |  3.4
Earth Magic    | 2 3 |  3.4
Poison Magic   | 2 3 |  3.4
Invocations    | 3 4 |  4.5
Evocations     | 3 4 |  4.1

Action                   |  1- 3 |  4- 6 || total
-------------------------+-------+-------++-------
Melee: Falchion          |       |    27 ||    27
       Bite              |       |     1 ||     1
       Punch             |       |     1 ||     1
 Fire: Sling             |     4 |     9 ||    13
  Use: Potion            |       |     1 ||     1
Armor: Robe              |       |     9 ||     9
Dodge: Dodged            |       |    24 ||    24

Table legend: (Time is in decaauts)
 A = Elapsed time spent in this place.
 B = Non-inter-level travel time spent in this place.
 C = Inter-level travel time spent in this place.
 D = Time resting spent in this place.
 E = Time spent auto-exploring this place.
 F = Levels seen in this place.
 G = Mean time per level.
                   A        B        C        D        E       F      G
               +--------+--------+--------+--------+--------+-----+--------+
         Total |    186 |    186 |      0 |     42 |      0 |   1 |  186.0 |
       Dungeon |    186 |    186 |      0 |     42 |      0 |   1 |  186.0 |
               +--------+--------+--------+--------+--------+-----+--------+

Top non-repeatable levels by time:
       D: 186 daAuts
